 Dungeon Crawl Stone Soup version 0.30-a0-141-g30f27751c5 (webtiles) character file.

Game seed: 4696155367028489777

3 ytrimaz the Insei (level 1, -1/13 HPs)
             Began as an Octopode Transmuter on Sept 26, 2022.
             Slain by a worm (8 damage)
             ... on level 2 of the Dungeon.
             The game lasted 00:01:13 (619 turns).

ytrimaz the Insei (Octopode Transmuter)              Turns: 619, Time: 00:01:13

Health: -1/13      AC:  1    Str:  9    XL:     1   Next: 50%
Magic:  2/3        EV: 13    Int: 15    God:
Gold:   80         SH:  0    Dex: 12    Spells: 3/4 levels left

rFire   . . .      SeeInvis .      - Unarmed
rCold   . . .      Faith    .    (no shield)
rNeg    . . .      Spirit   .    (helmet currently unavailable)
rPois   .          Reflect  .    (no amulet)
rElec   .          Harm     .    (no ring)
rCorr   .          Rampage  .    (no ring)
Will    .....                    (no ring)
Stlth   ++........               (no ring)
HPRegen 0.04/turn                (no ring)
MPRegen 0.08/turn                (no ring)
                                 (no ring)
                                 (no ring)

@: appendages
A: tentacle spike 3, almost no armour, amphibious, 8 rings, camouflage 1,
gelatinous body 1, (nimble swimmer 1), tentacles
a: End Transformation


You were on level 2 of the Dungeon.
One of your tentacles had grown a beastly spike.
You visited 1 branch of the dungeon, and saw 2 of its levels.

You collected 80 gold pieces.


Innate Abilities, Weirdness & Mutations

One of your tentacles has grown a beastly spike.
You cannot wear most types of armour.
You are amphibious.
You can wear up to eight rings at the same time.
Your skin changes colour to match your surroundings (Stealth+).
Your rubbery body absorbs attacks. (AC +1, EV +1)
((You are camouflaged when in or above water. (Stealth+)))
You have tentacles for arms and can constrict up to eight enemies at once.


   Skills:
 - Level 1.0 Fighting
 - Level 2.0 Dodging
 - Level 3.0 Unarmed Combat
 + Level 2.0 Spellcasting
 + Level 2.1 Transmutations
 + Level 0.2 Ice Magic
 + Level 0.3 Poison Magic


You had 3 spell levels left.
You knew the following spells:

 Your Spells              Type           Power      Damage    Failure   Level
a - Beastly Appendage     Tmut           14%        N/A       10%         1

Your spell library contained the following spells:

 Spells                   Type           Power      Damage    Failure   Level
 Wereblood                Tmut           7%         N/A       14%         2
 Spider Form              Tmut/Pois      5%         N/A       38%         3
 Ice Form                 Ice/Tmut       5%         N/A       80%         4

Inventory:

Scrolls
 d - a scroll of vulnerability
 f - a scroll of fog
Potions
 a - a potion of lignification
 b - a potion of cancellation {unknown}
 i - a potion of flight {unknown}

Dungeon Overview and Level Annotations

Branches:
Dungeon (2/15) Zot: 11380

Altars:

. #. .. #.# ...
#.! #### ....
#..# #.. .....
#...###.#+......
#.......@.....#
###$#...w....#
#<.........#
#.....≈≈≈≈.#
##....≈....#
#....≈≈≈≈##
#......###
#......#
####..##


You could see a worm.


Message History

You now have 34 gold pieces (gained 12).
A frilled lizard is nearby!
The helpless frilled lizard fails to defend itself.
You tentacle-slap the frilled lizard.
You kill the frilled lizard!
Found a stone staircase leading down.
g - a scroll labelled ZYS XIMOVU You now have 49 gold pieces (gained 15).
You open the door.
There is an open door here.
You see here a +0 robe.
Found an escape hatch in the floor.
h - a scroll labelled BITEUTHR WEEKUALOO
i - an emerald potion
Found a stone staircase leading down.
You now have 57 gold pieces (gained 8).
You open the door.
There is an open door here.
You open the door.
Found a faded altar of an unknown god.
There is an open door here.
A kobold comes into view.
It is wielding a +0 short sword of electrocution.
A kobold is nearby!
Found a scroll labelled VOCECL ODOQE.
Found a stone staircase leading down.
One of your tentacles grows a vicious spike.
The kobold shouts!
The kobold barely misses you. 😎 MP[-1]
You lost 1 mp, and now have 2/3 mp.
You tentacle-slap the kobold. You grab the kobold.
You pierce the kobold.
You kill the kobold!
You see here a +0 short sword of electrocution.
Your transformation is almost over.
Your tentacle spike disappears.
d - 2 scrolls labelled VOCECL ODOQE (gained 1)
You now have 68 gold pieces (gained 11).
You now have 74 gold pieces (gained 6).
A frilled lizard comes into view. 😎 MP[+1]
Your mp is fully restored (3).
Unknown command.
A frilled lizard is nearby!
A frilled lizard is nearby!
One of your tentacles grows a vicious spike. 😎 MP[-1]
You lost 1 mp, and now have 2/3 mp.
Your transformation is almost over.
The helpless frilled lizard fails to defend itself.
You tentacle-slap the frilled lizard. You grab the frilled lizard.
You pierce the frilled lizard.
You kill the frilled lizard!
You see here a frilled lizard corpse.
Your tentacle spike disappears.
Key pressed, stopping explore.
You now have 80 gold pieces (gained 6).
Done exploring. 😎 MP[+1]
Your mp is fully restored (3).
Done exploring.
As you read the scroll labelled VOCECL ODOQE, it crumbles to dust.
Magic quickly surges around you.
It was a scroll of vulnerability.
Unknown command.
As you read the scroll labelled QEWEOMP LEYFOF, it crumbles to dust.
It is a scroll of enchant armour.
You aren't carrying any armour which can be enchanted further.
As you read the scroll labelled SAPI MULYG, it crumbles to dust.
It is a scroll of identify.
f - a scroll of fog
As you read the scroll labelled ZYS XIMOVU, it crumbles to dust.
You hear a loud clanging noise!
It was a scroll of noise.
Unknown command.
As you read the scroll labelled BITEUTHR WEEKUALOO, it crumbles to dust.
You feel strangely unstable.
It was a scroll of teleportation.
You start waiting.
Your surroundings suddenly seem different.
You start waiting.
You feel your willpower return.
Unknown command.
There is an escape hatch in the floor here.
There is a stone staircase leading down here.
You climb downwards.
There is a stone staircase leading up here.
Unknown command.
A worm is nearby!
A worm is nearby!
One of your tentacles grows a vicious spike. 😎 MP[-1]
You lost 1 mp, and now have 2/3 mp.
The worm bites you. 😮 HP[-6]
You take 6 damage, and now have 7/13 hp.
MASSIVE DAMAGE!! (PAUSE)
You tentacle-slap the worm. You grab the worm.
You pierce the worm.
You squeeze the worm! You constrict the worm. You tentacle-slap the worm.
You pierce the worm.
You constrict the worm. The worm bites you!
Ouch! That really hurt!
You die...

Action                   || total
-------------------------++-------
Melee: Unarmed           ||     6
       Kick              ||     4
       Constrict         ||     3
       Tentacles         ||     1
 Cast: Beastly Appendage ||     3
  Use: Scroll            ||     5
 Stab: Sleeping          ||     2
Dodge: Dodged            ||     1

Levels and vault maps discovered:
D:1:      tarquinn_simple_flora_water_f, layout_basic,
          shapermc_ecumenical_altar_mp_vishouse
D:2:      layout_basic, serial_rivers, chequers_serial_rivers_micro_d,
          chequers_serial_rivers_small_b, chequers_serial_rivers_micro_d,
          chequers_serial_rivers_micro_c, uniq_jessica, uniq_sigmund

Notes
Turn   | Place    | Note
-------+----------+-------------------------------------------
     0 | D:1      | ytrimaz the Octopode Transmuter began the quest for the
                  | Orb.
     0 | D:1      | Reached XP level 1. HP: 13/13 MP: 3/3
     0 | D:1      | magus.rc [v1.9.6]
   325 | D:1      | Found a faded altar of an unknown god.
   619 | D:2      | Slain by a worm

Vanquished Creatures
  A kobold (D:1)
  2 frilled lizards (D:1)
  A rat (D:1)
4 creatures vanquished.

Table legend:
 A = Non-vault XP
 B = Vault XP
 C = Vault XP percentage of total XP
 D = Non-vault monster count
 E = Vault monster count
 F = Vault count percentage of total count
                 A         B        C        D         E       F
            +---------+---------+-------+---------+---------+-------
      Total |       5 |       0 |   0.0 |       4 |       0 |   0.0
            +---------+---------+-------+---------+---------+-------
        D:1 |       5 |       0 |   0.0 |       4 |       0 |   0.0
            +---------+---------+-------+---------+---------+-------

Illustrated notes

Table legend:
 A = Kills in this place as a percentage of kills in entire the game.
 B = Kills by you in this place as a percentage of kills by you in the entire game.
 C = Kills by friends in this place as a percentage of kills by friends in the entire game.
 D = Other kills in this place as a percentage of other kills in the entire game.
 E = Experience gained in this place as a percentage of experience gained in the entire game.
 F = Experience gained in this place divided by the number of levels of this place that you have seen.
                   A       B       C       D       E      F
               +-------+-------+-------+-------+-------+----------------------
         Total | 100.0 | 100.0 |   N/A |   N/A | 100.0 |   2.5
       Dungeon | 100.0 | 100.0 |   N/A |   N/A | 100.0 |   2.5
               +-------+-------+-------+-------+-------+----------------------

Table legend: (Time is in decaauts)
 A = Elapsed time spent in this place.
 B = Non-inter-level travel time spent in this place.
 C = Inter-level travel time spent in this place.
 D = Time resting spent in this place.
 E = Time spent auto-exploring this place.
 F = Levels seen in this place.
 G = Mean time per level.
                   A        B        C        D        E       F      G
               +--------+--------+--------+--------+--------+-----+--------+
         Total |    618 |    598 |     20 |     33 |    506 |   2 |  309.0 |
       Dungeon |    618 |    598 |     20 |     33 |    506 |   2 |  309.0 |
               +--------+--------+--------+--------+--------+-----+--------+

Top non-repeatable levels by time:
     D:1: 611 daAuts
     D:2: 6 daAuts
